 Dungeon Crawl Stone Soup version 0.29-a0-284-gf9362112df (webtiles) character file.

Game seed: 5583200472378543094

2935 silky the Spear-Bearer (level 9, -14/70 HPs)
             Began as a Minotaur Chaos Knight on Apr 1, 2022.
             Was a Plaything of Xom.
             Demolished by Joseph
             ... wielding a +0 quarterstaff
              (20 damage)
             ... on level 7 of the Dungeon.
             The game lasted 00:22:47 (7415 turns).

silky the Spear-Bearer (Minotaur Chaos Knight)      Turns: 7415, Time: 00:22:48

Health: -14/70     AC: 20    Str: 27    XL:     9   Next: 51%
Magic:  6/8        EV: 11    Int:  9    God:    Xom [...*..]
Gold:   384        SH:  0    Dex: 12    Spells: 8/8 levels left

rFire   . . .      SeeInvis .   w - +4 glaive (chaos)
rCold   . . .      Faith    .   (shield currently unavailable)
rNeg    . . .      Spirit   .   x - +4 scale mail {Will+}
rPois   .          Reflect  .   (helmet unavailable)
rElec   +          Harm     .   (no cloak)
rCorr   .          Rampage  .   g - +0 pair of gloves
Will    ++...                   (no boots)
Stlth   ..........              n - amulet of the acrobat
HPRegen 0.21/turn               f - +6 ring of strength
MPRegen 0.11/turn               j - +4 ring of protection

@: unable to read
A: horns 3, retaliatory headbutt, iridescent scales 1, frail 1, strong-willed 1,
shaggy fur 1, electricity resistance, strong 1, wild magic 1, inability to read
while threatened, MP-powered wands
a: Renounce Religion


You were on level 7 of the Dungeon.
You worshipped Xom.
You were a favourite toy of Xom.
You visited 1 branch of the dungeon, and saw 7 of its levels.
You also visited: Sewer.

You collected 384 gold pieces.

Inventory:

Hand Weapons
 w - a +4 glaive of chaos (weapon)
Armour
 g - a +0 pair of gloves (worn)
 x - a +4 scale mail of willpower (worn)
Jewellery
 d - a +4 ring of slaying
 f - a +6 ring of strength (left hand)
 j - a +4 ring of protection (right hand)
 n - an amulet of the acrobat (around neck)
 p - a ring of magical power
 u - a +4 ring of evasion
Wands
 b - a wand of iceblast (5)
 k - a wand of mindburst (8)
 v - a wand of paralysis (12)
Scrolls
 i - a scroll of summoning
 l - a scroll of fog
 m - 4 scrolls of fear
 o - a scroll of immolation
 q - a scroll of vulnerability
 r - a scroll of blinking
 y - a scroll of noise
Potions
 a - 2 potions of degeneration
 h - 3 potions of invisibility
 s - a potion of haste
 t - 2 potions of magic
 z - a potion of heal wounds
Miscellaneous
 c - a piece from Xom's chessboard (15/15) (quivered)


   Skills:
 + Level 6.8 Fighting
 + Level 7.4(10.1) Axes
 * Level 10.8(11.7) Polearms
 + Level 6.7 Armour
 + Level 3.1 Dodging
 + Level 1.0 Stealth
 + Level 1.1 Evocations


You had 8 spell levels left.
You didn't know any spells.
Your spell library contained the following spells:

 Spells                   Type           Power      Damage    Failure   Level
 Sandblast                Erth           0%         2d4       71%         1
 Passwall                 Tmut/Erth      0%         N/A       83%         2
 Stone Arrow              Conj/Erth      0%         3d7       96%         3
 Animate Armour           Summ/Erth      0%         N/A       100%        4
 Summon Forest            Summ/Tloc      0%         N/A       100%        5
 Eringya's Noxious Bog    Tmut/Pois      0%         N/A       100%        6
 Summon Hydra             Summ           0%         N/A       100%        7
 Lehudib's Crystal Spear  Conj/Erth      0%         10d2      100%        8


Dungeon Overview and Level Annotations

Branches:
Dungeon (7/15)             Temple (0/1) D:4           Sewer (visited)

Altars:
Fedhas
Makhleb
Qazlal
Uskayaw
Xom
Zin

Shops:
D:5 =

Annotations:
D:7 Joseph


Innate Abilities, Weirdness & Mutations

You have a pair of large horns on your head.
You reflexively headbutt those who attack you in melee.
You are partially covered in iridescent scales. (AC +2)
You are frail. (-10% HP)
You are strong-willed. (Will+)
You are covered in fur. (AC +1)
You are resistant to electric shocks. (rElec)
Your muscles are strong. (Str +2)
Your spells are a little harder to cast, but a little more powerful.
You sometimes lose the ability to read scrolls when taking damage.
You expend magic power (3 MP) to strengthen your wands.


Message History

Found 14 stones.
There is an open door here.
Found a ring mail.
Joseph, a Mercenary comes into view.
He is wielding a +0 quarterstaff.
Joseph shouts!
Joseph unwields a +0 quarterstaff.
Joseph wields a +3 hunting sling of freezing.
It is covered in frost.
Joseph shoots a sling bullet.
The sling bullet hits you but does no damage.
Aiming: Paralyse
Press: ? - help, Q - select action, (/) - cycle Shift-Dir - straight line, f - Joseph
Aim: Joseph, wielding a +3 hunting sling of freezing and wearing a +0 ring mail (chance to affect: 37%)
You feel a surge of power!
Joseph resists with some effort.
Joseph shoots a sling bullet.
The sling bullet hits you but does no damage.
Joseph shoots a sling bullet.
The sling bullet hits you! The sling bullet freezes you.
Joseph shoots a sling bullet.
The sling bullet hits you but does no damage.
Joseph shoots a sling bullet.
The sling bullet closely misses you.
Joseph unwields a +3 hunting sling of freezing.
Joseph wields a +0 quarterstaff.
Joseph hits you with a +0 quarterstaff.
You see here a +0 ring mail.
You slash Joseph!
Joseph goes berserk!
Joseph is lightly wounded.
Joseph hits you with a +0 quarterstaff!!
You feel threatened and lose the ability to read scrolls!
You slash Joseph! Your headbutt misses Joseph.
Joseph is moderately wounded.
Joseph hits you with a +0 quarterstaff. x2
You slice Joseph!!
Joseph looks as sick as possible!
Joseph is heavily wounded.
Joseph hits you with a +0 quarterstaff. Joseph hits you with a +0 quarterstaff!
* * * LOW HITPOINT WARNING * * *
You slash Joseph!
Joseph looks as sick as possible!
You headbutt Joseph!
Joseph is severely wounded.
Joseph completely misses you.
Joseph hits you with a +0 quarterstaff!!
You die...
Xom roars with laughter!

**
#....#..##'##..#***
#....#.##8.8##,...*
*,,,,###.....##**.*
***,*##8.....8##*,*
*,##.........##,*
*,#8.........8#,*
*,+.....(.....+,*
**#8.........8#,*
##....@....##,*
##8.@...8##,,*
##.....##,,**
##8.8##,,**
##+##,,** *,,,,**
******


You could see Joseph (berserk, extremely poisoned).

Vanquished Creatures
  A hornet (D:7)
  Sigmund (D:4)
  A steam dragon (D:6)
  A water moccasin (D:6)
  2 ice beasts
  2 sky beasts
  6 centaurs
  2 phantoms (D:5)
  Blork the orc (D:4)
  2 kobold brigands
  A gnoll sergeant (D:5)
  3 scorpions
  A howler monkey (D:6)
  An orc priest (D:3)
  5 hounds
  2 jellies
  12 iguanas
  An orc wizard (D:5)
  A mummy (D:4)
  9 adders
  8 gnolls (D:5)
  A river rat (D:2)
  A shadow imp (D:7)
  A white imp (D:7)
  An ufetubus (D:7)
  A dart slug (D:2)
  13 orcs
  6 bats
  8 endoplasms
  5 giant cockroaches
  12 goblins
  3 hobgoblins
  8 jackals
  24 kobolds
  5 quokkas
  9 ball pythons
  7 frilled lizards
  3 kobold zombies (D:4)
  An orc zombie (D:4)
  8 rats
180 creatures vanquished.

Vanquished Creatures (others)
  An ufetubus (D:5)
  A plant (Sewer)
2 creatures vanquished.

Grand Total: 182 creatures vanquished

Notes
Turn   | Place    | Note
-------+----------+-------------------------------------------
     0 | D:1      | silky the Minotaur Chaos Knight began the quest for the
                  | Orb.
     0 | D:1      | Reached XP level 1. HP: 19/19 MP: 0/0
   348 | D:1      | Reached XP level 2. HP: 22/27 MP: 1/1
   356 | D:1      | XOM: silly message
   633 | D:1      | XOM: silly message
   667 | D:1      | Found a faded altar of an unknown god.
   757 | D:1      | XOM: silly message
   922 | D:1      | Reached XP level 3. HP: 32/33 MP: 2/2
  1100 | D:2      | XOM: polymorph endoplasm -> river rat
  1432 | D:2      | Found a stormy altar of Qazlal.
  1925 | D:2      | XOM: scenery: create altars
  1999 | D:2      | XOM: god gift: 6 gold pieces
  2000 | D:2      | Reached XP level 4. HP: 41/41 MP: 3/3
  2020 | D:2      | XOM: summons 4 hostile shadow creatures
  2426 | D:3      | XOM: noise
  2429 | D:3      | XOM: chaos upgrade
  2450 | D:3      | Reached skill level 5 in Axes
  2453 | D:3      | HP: 1/41 [something/puff of flame (6)]
  2460 | D:3      | Noticed a centaur
  2460 | D:3      | XOM: polymorph something unseen -> centaur
  2461 | D:3      | Killed a centaur
  2462 | D:3      | Reached XP level 5. HP: 2/47 MP: 4/4
  2888 | D:3      | XOM: give mutations
  2888 | D:3      | Gained mutation: You sometimes lose the ability to read
                  | scrolls when taking damage. [Xom's mischief]
  2888 | D:3      | Gained mutation: You are frail. (-10% HP) [Xom's mischief]
  3093 | D:3      | XOM: draining
  3169 | D:4      | Noticed Blork the orc
  3172 | D:4      | XOM: enchant monster (bad)
  3182 | D:4      | Killed Blork the orc
  3183 | D:4      | Reached XP level 6. HP: 27/48 MP: 5/5
  3284 | D:4      | XOM: summons 2 hostile demons
  3385 | D:4      | XOM: silly message
  3407 | D:4      | Identified the +0 robe of Tadetra {Will+ Dex+2}
  3455 | D:4      | XOM: draining
  3480 | D:4      | Reached skill level 5 in Armour
  3634 | D:4      | Found a staircase to the Ecumenical Temple.
  3690 | D:4      | Noticed Sigmund
  3693 | D:4      | Reached skill level 5 in Fighting
  3718 | D:4      | Killed Sigmund
  3719 | D:4      | Reached XP level 7. HP: 6/54 MP: 6/6
  3945 | D:4      | XOM: torment (25/54 hp)
  4228 | D:4      | XOM: give mutation
  4228 | D:4      | Gained mutation: Your spells are a little harder to cast,
                  | but a little more powerful. [Xom's mischief]
  4368 | D:4      | XOM: give mutations
  4368 | D:4      | Gained mutation: You are resistant to electric shocks.
                  | (rElec) [Xom's grace]
  4368 | D:4      | Gained mutation: You are strong-willed. (Will+) [Xom's
                  | grace]
  4368 | D:4      | Gained mutation: Your muscles are strong. (Str +2) [Xom's
                  | grace]
  4635 | D:4      | XOM: give mutations
  4635 | D:4      | Gained mutation: You expend magic power (3 MP) to
                  | strengthen your wands. [Xom's grace]
  4635 | D:4      | Gained mutation: You have a pair of large horns on your
                  | head. [Xom's grace]
  4635 | D:4      | Gained mutation: You are covered in fur. (AC +1) [Xom's
                  | grace]
  4832 | D:4      | XOM: god gift: runed glaive {god gift}
  4884 | D:5      | Entered Level 5 of the Dungeon
  4923 | D:5      | XOM: scenery: create altars
  4925 | D:5      | XOM: polymorph jelly -> adder
  4967 | D:5      | Found Ygraaff's Jewellery Shoppe.
  5005 | D:5      | Found a hide-covered altar of Uskayaw.
  5007 | D:5      | XOM: divine lightning
  5246 | D:5      | Found a glowing drain.
  5254 | D:5      | XOM: fog
  5262 | Sewer    | Entered a sewer
  5378 | Sewer    | Reached skill level 2 in Polearms
  5418 | Sewer    | XOM: snakes to sticks
  5526 | D:5      | Reached skill level 3 in Polearms
  5542 | D:5      | XOM: scenery: create altars
  5724 | D:5      | XOM: cast spell 'Disjunction'
  5736 | D:5      | XOM: fake destruction
  5737 | D:5      | Reached skill level 4 in Polearms
  5739 | D:5      | Reached XP level 8. HP: 48/62 MP: 7/7
  5759 | D:5      | XOM: divination: detect creatures
  5955 | D:5      | XOM: god gift: scroll of fear
  5981 | D:5      | Reached skill level 5 in Polearms
  6001 | D:5      | XOM: god gift: scroll of enchant weapon
  6007 | D:5      | Reached skill level 6 in Polearms
  6134 | D:5      | XOM: summons 2 hostile shadow creatures
  6358 | D:5      | XOM: give mutation
  6358 | D:5      | Gained mutation: You are partially covered in iridescent
                  | scales. (AC +2) [Xom's grace]
  6560 | D:6      | XOM: stealth player
  6581 | D:6      | Reached skill level 7 in Polearms
  6590 | D:6      | XOM: confusion (+ monsters)
  6593 | D:6      | XOM: 1-stop teleportation journey
  6628 | D:6      | Found a blossoming altar of Fedhas.
  6661 | D:6      | Reached skill level 8 in Polearms
  6713 | D:6      | Reached XP level 9. HP: 30/70 MP: 8/8
  6965 | D:6      | Reached skill level 9 in Polearms
  6971 | D:6      | XOM: god gift: hunting sling {god gift}
  7015 | D:6      | XOM: silly message
  7138 | D:6      | XOM: polymorph centaur -> scorpion
  7141 | D:6      | Reached skill level 10 in Polearms
  7205 | D:7      | Found a burning altar of Makhleb.
  7220 | D:7      | Found a glowing silver altar of Zin.
  7248 | D:7      | XOM: divination: detect creatures
  7268 | D:7      | Reached skill level 1 in Evocations
  7327 | D:7      | Reached skill level 1 in Stealth
  7405 | D:7      | Noticed Joseph
  7415 | D:7      | Demolished by Joseph

Illustrated notes

Levels and vault maps discovered:
D:1:      eino_arrival_cavern_b, layout_basic, shapermc_ecumenical_altar_venn
D:2:      layout_basic, basic_altar
D:3:      layout_basic
D:4:      layout_basic, lemuel_temple_firewalk_a, minmay_mini_ossuary,
          uniq_sigmund, uniq_blork_the_orc
D:5:      minmay_chambers_of_threes, layout_basic, nicolae_uskayaw_dance_hall,
          portal_sewer_entry_c, serial_shops, shop
D:6:      layout_cave_pools, mainiacjoe_overflow_small_starburst, centaur_isle
D:7:      layout_basic, evilmike_ruin_ashenzari,
          mainiacjoe_overflow_tiny_flanked, mainiacjoe_overflow_alcove_4,
          dk_noncrumbling_4, uniq_joseph, uniq_menkaure

Skill      XL: |  1  2  3  4  5  6  7  8  9 |
---------------+----------------------------+-----
Axes           | 4 5 6 7 |  7.4
Fighting       | 4 5 6 |  6.8
Armour         | 3 4 5 6 |  6.7
Dodging        | 2 3 |  3.1
Polearms       | 4 8 10 | 10.8
Evocations     | 1 |  1.1
Stealth        | 1 |  1.0

Action                   |  1- 3 |  4- 6 |  7- 9 || total
-------------------------+-------+-------+-------++-------
Melee: Hand axe          |    86 |   105 |    25 ||   216
       Headbutt          |     8 |    13 |    31 ||    52
       Glaive            |       |       |   191 ||   191
Evoke: Piece from Xom's  |     1 |     2 |       ||     3
       Wand              |       |     3 |    14 ||    17
  Use: Scroll            |     1 |     4 |    11 ||    16
       Potion            |       |     2 |     6 ||     8
 Stab: Paralysed         |     1 |       |     2 ||     3
Armor: Chain mail        |    63 |    68 |    99 ||   230
       Scale mail        |       |       |    90 ||    90
Dodge: Dodged            |    33 |    42 |   247 ||   322

Table legend: (Time is in decaauts)
 A = Elapsed time spent in this place.
 B = Non-inter-level travel time spent in this place.
 C = Inter-level travel time spent in this place.
 D = Time resting spent in this place.
 E = Time spent auto-exploring this place.
 F = Levels seen in this place.
 G = Mean time per level.
                   A        B        C        D        E       F      G
               +--------+--------+--------+--------+--------+-----+--------+
         Total |   7486 |   7254 |    232 |   1283 |   4205 |   8 |  935.8 |
       Dungeon |   7193 |   6961 |    232 |   1252 |   4103 |   7 | 1027.6 |
         Sewer |    292 |    292 |      0 |     31 |    102 |   1 |  292.0 |
               +--------+--------+--------+--------+--------+-----+--------+

Top non-repeatable levels by time:
     D:4: 1763 daAuts
     D:5: 1432 daAuts
     D:2: 1315 daAuts
     D:1: 1056 daAuts
     D:3: 756 daAuts
     D:6: 646 daAuts
   Sewer: 292 daAuts
     D:7: 222 daAuts
